 Dungeon Crawl Stone Soup version 0.30-a0-5-g3a90980b9d (webtiles) character file.

Game seed: 6136497734791774775

70 Ijustatesigmund the Firebug (level 4, 0/36 HPs)
             Began as a Hill Orc Fire Elementalist on Aug 22, 2022.
             Slain by Ijyb
             ... wielding a +0 dagger
              (3 damage)
             ... on level 3 of the Dungeon.
             The game lasted 00:04:06 (3003 turns).

Ijustatesigmund the Firebug (HOFE)                  Turns: 3003, Time: 00:04:07

Health: 0/36       AC:  2    Str: 10    XL:     4   Next: 22%
Magic:  2/6        EV: 12    Int: 17    God:
Gold:   72         SH:  0    Dex: 11    Spells: 3/6 levels left

rFire   . . .      SeeInvis .    h - +0 trident
rCold   . . .      Faith    .    (no shield)
rNeg    . . .      Spirit   .    a - +0 robe
rPois   .          Reflect  .    (no helmet)
rElec   .          Harm     .    (no cloak)
rCorr   .          Rampage  .    (no gloves)
Will    .....                    (no boots)
Stlth   ++........               (no amulet)
HPRegen 0.12/turn                (no ring)
MPRegen 0.10/turn                (no ring)

@: no status effects
A: no striking features
a: no special abilities


You were on level 3 of the Dungeon.
You visited 1 branch of the dungeon, and saw 3 of its levels.

You collected 72 gold pieces.

Inventory:

Hand Weapons
 h - a +0 trident (weapon)
Armour
 a - a +0 robe (worn)
Wands
 e - a wand of charming (1)
Scrolls
 c - a scroll of blinking {unknown}
 f - a scroll of identify {unknown}
 g - a scroll of amnesia {unknown}
 i - 2 scrolls of torment {unknown}
 j - a scroll of fear {unknown}
 k - a scroll of noise {unknown}
Potions
 b - 2 potions of magic
 l - a potion of curing


   Skills:
 + Level 2.2 Fighting
 - Level 1.5 Dodging
 - Level 1.5 Stealth
 - Level 1.7 Spellcasting
 + Level 2.2 Conjurations
 + Level 4.1 Fire Magic


You had 3 spell levels left.
You knew the following spells:

 Your Spells              Type           Power      Damage    Failure   Level
a - Foxfire               Conj/Fire      48%        2x1d6     5%          1
b - Scorch                Fire           30%        2d6       5%          2

Your spell library contained the following spells:

 Spells                   Type           Power      Damage    Failure   Level
 Conjure Flame            Conj/Fire      12%        6-21      16%         3
 Apportation              Tloc           2%         N/A       21%         1
 Inner Flame              Hex/Fire       8%         N/A       26%         3
 Dazzling Flash           Conj/Hex       10%        N/A       36%         3
 Flame Wave               Conj/Fire      12%        2d6       47%         4
 Agony                    Necr           1%         N/A       99%         5
 Alistair's Intoxication  Tmut/Pois      0%         N/A       99%         5
 Silence                  Hex/Air        0%         N/A       99%         5


Dungeon Overview and Level Annotations

Branches:
Dungeon (3/15)

Altars:
Nemelex Xobeh

Shops:
D:1 (

Annotations:
D:3 Ijyb


Message History

Ijyb is heavily wounded.
Your transformation is almost over.
Ijyb screams, "Me kill you!" Ijyb hits you but does no damage.
You barely miss Ijyb.
Ijyb is heavily wounded.
Ijyb hits you but does no damage. x2
You hit Ijyb but do no damage.
Ijyb is heavily wounded.
Ijyb hits you but does no damage.
You closely miss Ijyb.
Ijyb is heavily wounded.
Ijyb hits you but does no damage.
You hit Ijyb but do no damage.
Ijyb is heavily wounded.
Ijyb hits you but does no damage. x2
You hit Ijyb but do no damage.
Ijyb is heavily wounded.
Ijyb hits you but does no damage.
You hit Ijyb but do no damage.
Ijyb is heavily wounded.
Ijyb hits you but does no damage.
You hit Ijyb but do no damage.
Ijyb is heavily wounded.
Ijyb completely misses you.
You hit Ijyb.
Ijyb is heavily wounded.
You feel less wooden.
Your +0 robe unmelds from your body.
Ijyb hits you with a +0 dagger.
* * * LOW HITPOINT WARNING * * *
Ijyb hits you with a +0 dagger.
* * * LOW HITPOINT WARNING * * *
Casting: Scorch (safe; 5% risk of failure)
Confirm with . or Enter, or press ? or * to list all spells.
Flames lash Ijyb.
Ijyb resists.
Ijyb is severely wounded.
Ijyb's fire resistance burns away.
Ijyb hits you with a +0 dagger.
* * * LOW HITPOINT WARNING * * *
Ijyb hits you with a +0 dagger.
You die...

### ######### ##.##
#.......## ##.#.##
#.....##.####.###.##
.#........<...(..##.#
........##.###.#.#.##
##......##.# ##...##
####.#.#.## ##.##
##...## #@# ##.## #g#
#.# #†# #.# ... #.#
... ..# #...# ###
#####


You could see Ijyb (combustible).

Vanquished Creatures
  An adder (D:2)
  A dart slug (D:2)
  A ball python (D:1)
  6 bats
  4 endoplasms (D:1)
  2 giant cockroaches (D:1)
  4 goblins
  5 hobgoblins (D:1)
  10 jackals
  3 quokkas
  6 frilled lizards
  2 kobolds (D:1)
  8 rats
53 creatures vanquished.

Vanquished Creatures (others)
  29 foxfires
29 creatures vanquished.

Grand Total: 82 creatures vanquished

Notes
Turn   | Place    | Note
-------+----------+-------------------------------------------
     0 | D:1      | Ijustatesigmund the Hill Orc Fire Elementalist began the
                  | quest for the Orb.
     0 | D:1      | Reached XP level 1. HP: 14/14 MP: 3/3
   271 | D:2      | Reached XP level 2. HP: 17/22 MP: 0/4
   274 | D:2      | Learned a level 2 spell: Scorch
   547 | D:2      | Reached skill level 1 in Fighting
   904 | D:1      | Reached XP level 3. HP: 28/28 MP: 2/5
  1239 | D:1      | Found a faded altar of an unknown god.
  1963 | D:1      | Reached skill level 4 in Fire Magic
  1981 | D:1      | Reached XP level 4. HP: 31/36 MP: 3/6
  2233 | D:1      | Found Weog's Weapon Shop.
  2940 | D:3      | Found a sparkling altar of Nemelex Xobeh.
  2968 | D:3      | Noticed Ijyb
  3003 | D:3      | Slain by Ijyb

Illustrated notes

Levels and vault maps discovered:
D:1:      erik_arrival_orb_chamber, layout_basic,
          hellmonk_ecumenical_altar_dog_temple, serial_shops,
          nicolae_shop_bloodbath_and_beyond, minmay_octomino_e4
D:2:      layout_basic
D:3:      layout_loops_ring, overflow_temple_1_default, uniq_ijyb, uniq_robin

Skill      XL: |  1  2  3 |
---------------+----------+-----
Fighting       | 1 2 |  2.2
Conjurations   | 2 |  2.2
Fire Magic     | 4 |  4.1
Dodging        | |  1.5
Stealth        | |  1.5
Spellcasting   | |  1.7

Action                   |  1- 3 |  4- 6 || total
-------------------------+-------+-------++-------
Melee: Unarmed           |     7 |       ||     7
       Trident           |    96 |    56 ||   152
 Cast: Foxfire           |    17 |       ||    17
       Scorch            |    15 |     4 ||    19
  Use: Potion            |     3 |     1 ||     4
 Stab: Sleeping          |     1 |       ||     1
Armor: Robe              |    36 |     7 ||    43
       Skin              |    13 |    17 ||    30
Dodge: Dodged            |   104 |    22 ||   126

Table legend: (Time is in decaauts)
 A = Elapsed time spent in this place.
 B = Non-inter-level travel time spent in this place.
 C = Inter-level travel time spent in this place.
 D = Time resting spent in this place.
 E = Time spent auto-exploring this place.
 F = Levels seen in this place.
 G = Mean time per level.
                   A        B        C        D        E       F      G
               +--------+--------+--------+--------+--------+-----+--------+
         Total |   3047 |   2956 |     91 |    745 |   1764 |   3 | 1015.7 |
       Dungeon |   3047 |   2956 |     91 |    745 |   1764 |   3 | 1015.7 |
               +--------+--------+--------+--------+--------+-----+--------+

Top non-repeatable levels by time:
     D:1: 1623 daAuts
     D:2: 1350 daAuts
     D:3: 73 daAuts
